 Dungeon Crawl Stone Soup version 0.22.1-1-ga44c0e5 (webtiles) character file.

5097 Iscandelvey the Magician (level 10, -7/69 HPs)
             Began as a Demigod Wizard on Oct 5, 2018.
             Mangled by a tentacled starspawn (16 damage)
             ... on level 1 of the Abyss.
             The game lasted 01:07:01 (12034 turns).

Iscandelvey the Magician (Demigod Wizard)          Turns: 12034, Time: 01:07:02

Health: -7/69      AC:  5    Str: 10    XL:     10   Next: 10%
Magic:  32/34      EV: 11    Int: 32    God:
Gold:   459        SH:  0    Dex: 14    Spells: 10/24 levels left

rFire    . . .     SeeInvis .   B - +9 hand axe of Yplom {pain, rPois Str-2 Int+6}
rCold    . . .     Gourm    .   (no shield)
rNeg     . . .     Faith    .   Q - +0 ring mail {rPois}
rPois    +         Spirit   .   b - +0 hat
rElec    .         Reflect  .   (no cloak)
rCorr    .         Harm     .   (no gloves)
MR       +....                  (no boots)
Stlth    +++.......             O - amulet of regeneration
HPRegen  0.61/turn              s - ring of flight
MPRegen  0.24/turn              M - ring of magical power

@: about to teleport
A: high mp 1
a: Evoke Flight


You were on level 1 of the Abyss.
You were hungry.

You visited 1 branch of the dungeon, and saw 10 of its levels.
You visited the Abyss 1 time.

You collected 459 gold pieces.

Inventory:

Hand Weapons
 g - a +0 falchion of protection
 m - a +0 spear of venom
 p - a +2 hunting sling of flaming
 A - a +0 whip of freezing
 B - the +9 hand axe of Yplom (weapon) {pain, rPois Str-2 Int+6}
   (You found it on level 5 of the Dungeon)

   In the hands of one skilled in necromantic magic, it inflicts extra damage on
   living creatures.
   It affects your strength (-2).
   It affects your intelligence (+6).
   It protects you from poison.
 S - a +2 whip of electrocution
Missiles
 q - 190 stones (quivered)
 F - 52 arrows
Armour
 a - a +0 shield
 b - a +0 hat (worn)
 t - a +0 robe
 C - a +2 leather armour of poison resistance
 E - a +0 scale mail
 Q - a +0 ring mail of poison resistance (worn)
Jewellery
 s - a ring of flight (left hand)
 w - an uncursed amulet of guardian spirit
 M - a ring of magical power (right hand)
 O - an amulet of regeneration (around neck)
 P - an uncursed ring of fire
Wands
 f - a wand of polymorph (35)
 h - a wand of flame (20)
 r - a wand of digging (13)
 u - a wand of clouds (6)
Scrolls
 c - 5 scrolls of remove curse
 j - a scroll of immolation {unknown}
 l - 3 scrolls of teleportation
 n - 3 scrolls of magic mapping {unknown}
 o - a scroll of enchant weapon {unknown}
 v - 2 scrolls of noise {unknown}
 y - a scroll of fear {unknown}
 D - a scroll of blinking {unknown}
 G - a scroll of summoning {unknown}
 I - a scroll of amnesia {unknown}
 K - a scroll of enchant armour {unknown}
Potions
 e - a potion of heal wounds {unknown}
 i - 2 potions of ambrosia
 k - 2 potions of flight
 x - a potion of degeneration {unknown}
 z - 2 potions of lignification
 H - 3 potions of curing
 J - a potion of magic {unknown}
 N - a potion of haste {unknown}
Comestibles
 d - 16 rations


   Skills:
 * Level 4.4 Axes
 - Level 2.7 Slings
 * Level 3.6 Armour
 + Level 3.0 Dodging
 * Level 6.7 Stealth
 * Level 1.9 Shields
 * Level 7.7 Spellcasting
 + Level 5.5 Conjurations
 + Level 1.0 Summonings
 + Level 1.5 Translocations
 + Level 2.1 Fire Magic
 + Level 0.3 Air Magic
 + Level 0.5 Poison Magic


You had 10 spell levels left.
You knew the following spells:

 Your Spells              Type           Power        Failure   Level  Hunger
a - Magic Dart            Conj           ####         1%          1    None
b - Blink                 Tloc           N/A          8%          2    None
c - Call Imp              Summ           ###.....     10%         2    None
d - Conjure Flame         Conj/Fire      #####...     6%          3    None
e - Mephitic Cloud        Conj/Pois/Air  ####....     12%         3    None
f - Slow                  Hex            ##......     14%         2    None
g - Beastly Appendage     Tmut           ##....       10%         1    None

Your spell library contained the following spells:

 Spells                   Type           Power        Failure   Level  Hunger
 Apportation              Tloc           ###...       4%          1    None
 Summon Small Mammal      Summ           ###.         6%          1    None
 Animate Skeleton         Necr           N/A          10%         1    None
 Confusing Touch          Hex            ##....       10%         1    None
 Sticks to Snakes         Tmut           ##......     14%         2    None
 Spider Form              Tmut/Pois      ##........   26%         3    None
 Ice Form                 Ice/Tmut       ##......     67%         4    #......
 Blade Hands              Tmut           ##........   95%         5    ####...


Dungeon Overview and Level Annotations

Branches:
Dungeon (10/15)            Temple (0/1) D:5            Lair (0/6) D:8
    Orc: D:9-12

Annotations:
D:8 7 transporters, Zebedee's ghost, novice FoAK
D:10 Grum
Abyss:1 2 transporters


Innate Abilities, Weirdness & Mutations

You have an increased reservoir of magic. (+10% MP)


Message History

A starcursed mass splits.
The starspawn tentacle grabs you. The starspawn tentacle constricts you.
A chorus of shrieks assaults your mind.
C - a glowing leather armour The lurking horror explodes!
Your body is wracked with pain!
The raiju convulses!
The raiju barks!
The quasit barely misses you. The quasit closely misses you.
The quasit claws you but does no damage.
A starcursed mass comes into view.
The starspawn tentacle constricts you. The starcursed mass engulfs you.
* * * LOW HITPOINT WARNING * * *
A starcursed mass splits. x2
A deafening chorus of shrieks assaults your mind!
* * * LOW HITPOINT WARNING * * *
Casting: Conjure Flame (safe; 6% risk of failure)
Confirm with . or Enter, or press ? or * to list all spells.
You escape the starspawn tentacle's grasp.
You blink.
The tentacled starspawn bites you!
You die...

##..# $## #.©..
##)! #....##
#..#
##....###.h.#
####......X#
####.$$X.#####.
©.###.w_5X###.©.
#####w│wXX#####.
#@X...w.#
#...###.XX#
#..## #..# ZX###
##X #© ?# ## #


You could see 6 starcursed masses, 2 tentacled starspawn, a large abomination, a
raiju, 4 starspawn tentacles and a quasit.

Vanquished Creatures
  An unseen horror (D:10)
  Pikel (D:5)
  A hippogriff (D:9)
  A spriggan (D:8)
  A water moccasin (D:8)
  5 orc warriors
  A slave (D:5)
  4 ice beasts
  A black bear (D:9)
  3 sky beasts
  A necrophage (D:6)
  4 ogres
  A wolf (D:9)
  A centaur (D:5)
  A gnoll sergeant (D:9)
  6 bullfrogs
  4 killer bees (D:8)
  2 howler monkeys
  8 crimson imps
  A centaur zombie (D:7)
  A quasit (D:8)
  3 orc priests
  2 hounds (D:7)
  2 jellies
  3 orc wizards (D:9)
  A centaur skeleton (D:6)
  Ijyb (D:5)
  An iguana (D:6)
  6 worker ants
  2 hound skeletons
  A worker ant zombie (D:8)
  3 adders
  11 gnolls
  4 shadow imps
  An ooze (D:1)
  An adder zombie (D:7)
  3 adder skeletons
  A worm (D:2)
  3 dart slugs
  2 leopard geckos
  26 orcs
  A bat (D:2)
  6 giant cockroaches
  5 goblins
  8 hobgoblins
  10 jackals
  5 quokkas
  2 frilled lizards
  A goblin skeleton (D:4)
  2 hobgoblin zombies (D:4)
  A jackal skeleton (D:5)
  8 kobolds
  2 kobold skeletons (D:4)
  2 kobold zombies (D:4)
  10 rats
189 creatures vanquished.

Vanquished Creatures (collateral kills)
  An acid dragon (D:7)
1 creature vanquished.

Vanquished Creatures (others)
  A slave (D:5)
  An orc wizard (D:9)
  A worker ant (D:5)
  2 gnolls (D:5)
  A leopard gecko (D:7)
  A jackal (D:5)
  A ball python (D:7)
  A lurking horror (Abyss:1)
9 creatures vanquished.

Grand Total: 199 creatures vanquished

Notes
Turn   | Place    | Note
-------+----------+-------------------------------------------
     0 | D:1      | Iscandelvey the Demigod Wizard began the quest for the Orb.
     0 | D:1      | Reached XP level 1. HP: 14/14 MP: 6/6
   131 | D:1      | Reached skill level 1 in Conjurations
   150 | D:1      | Reached skill level 3 in Spellcasting
   240 | D:1      | Reached XP level 2. HP: 13/20 MP: 0/8
   571 | D:1      | You fall through a shaft!
   577 | D:2      | Found a faded altar of an unknown god.
   746 | D:1      | Learned a level 2 spell: Blink
   749 | D:1      | Learned a level 2 spell: Call Imp
  1100 | D:2      | Reached XP level 3. HP: 21/26 MP: 4/10
  1532 | D:2      | Reached skill level 1 in Translocations
  1769 | D:2      | Found a snail-covered altar of Cheibriados.
  2002 | D:2      | Found a burning altar of Makhleb.
  2202 | D:3      | Reached XP level 4. HP: 17/33 MP: 3/12
  3202 | D:3      | Found a shimmering altar of Xom.
  3490 | D:3      | Learned a level 3 spell: Conjure Flame
  4165 | D:4      | Reached skill level 1 in Slings
  4165 | D:4      | Reached XP level 5. HP: 38/38 MP: 13/13
  4347 | D:4      | Noticed an ogre
  4365 | D:4      | Killed an ogre
  4576 | D:4      | Found a glowing golden altar of the Shining One.
  4649 | D:4      | Reached XP level 6. HP: 40/45 MP: 13/15
  4658 | D:4      | Found an opulent altar of Gozag.
  4889 | D:4      | Found a shattered altar of Ashenzari.
  5097 | D:5      | Entered Level 5 of the Dungeon
  5139 | D:5      | Reached skill level 4 in Spellcasting
  5150 | D:5      | Found a staircase to the Ecumenical Temple.
  5155 | D:5      | Noticed Pikel
  5166 | D:5      | Killed Pikel
  5166 | D:5      | Reached XP level 7. HP: 35/50 MP: 12/17
  5241 | D:5      | Got a twisted hand axe
  5244 | D:5      | Identified the +9 hand axe of Yplom {pain, rPois Str-2
                  | Int+6} (You found it on level 5 of the Dungeon)
  5249 | D:5      | Learned a level 3 spell: Mephitic Cloud
  5370 | D:5      | Noticed Ijyb
  5395 | D:5      | Killed Ijyb
  5395 | D:5      | Reached skill level 1 in Fire Magic
  5588 | D:5      | Reached skill level 5 in Spellcasting
  5736 | D:5      | Found an iron altar of Okawaru.
  5839 | D:5      | Found a shattered altar of Ashenzari.
  5969 | D:5      | Found an ancient bone altar of Kikubaaqudgha.
  6290 | D:5      | Reached skill level 1 in Axes
  6556 | D:6      | Reached XP level 8. HP: 43/57 MP: 19/19
  6852 | D:6      | Found a stormy altar of Qazlal.
  6887 | D:6      | Reached skill level 5 in Stealth
  7022 | D:6      | Reached skill level 1 in Armour
  7767 | D:6      | Reached skill level 5 in Conjurations
  8214 | D:7      | Found a white marble altar of Elyvilon.
  8591 | D:7      | Found a sacrificial altar of Ru.
  8620 | D:7      | Reached skill level 6 in Spellcasting
  9023 | D:7      | Found a basalt altar of Yredelemnul.
  9114 | D:8      | Found a transporter.
  9138 | D:8      | Found a transporter.
  9138 | D:8      | Found a transporter.
  9138 | D:8      | Found a transporter.
  9138 | D:8      | Found a transporter.
  9139 | D:8      | Found a transporter.
  9142 | D:8      | Noticed a two-headed ogre
  9143 | D:8      | Noticed a two-headed ogre
  9143 | D:8      | Noticed a black mamba
  9144 | D:8      | Noticed a troll
  9145 | D:8      | Noticed a salamander
  9145 | D:8      | a black mamba changed into a salamander
  9228 | D:8      | Reached XP level 9. HP: 39/62 MP: 22/22
  9371 | D:8      | Reached skill level 1 in Summonings
  9417 | D:8      | Learned a level 2 spell: Slow
  9788 | D:8      | Found a staircase to the Lair.
  9803 | D:8      | Found a transporter.
  9809 | D:8      | Noticed Zebedee's ghost (novice FoAK)
 10065 | D:8      | Found a transporter.
 10289 | D:8      | Noticed a komodo dragon
 10289 | D:8      | a floating eye changed into a komodo dragon
 10299 | D:8      | Noticed a cyclops
 10304 | D:8      | Noticed a moth of wrath
 10304 | D:8      | a cyclops changed into a moth of wrath
 10339 | D:9      | Learned a level 1 spell: Beastly Appendage
 10546 | D:9      | Reached skill level 7 in Spellcasting
 11088 | D:9      | Found an ornate altar of the Wu Jian Council.
 11115 | D:9      | Found a radiant altar of Vehumet.
 11278 | D:9      | Reached skill level 1 in Shields
 11654 | D:10     | Entered Level 10 of the Dungeon
 11880 | D:10     | Noticed Grum
 11890 | D:10     | Killed an unseen horror
 11890 | D:10     | Reached XP level 10. HP: 69/69 MP: 25/25
 12027 | D:10     | Cast into level 1 of the Abyss (Grum)
 12027 | Abyss:1  | Found a corrupted altar of Lugonu.
 12028 | Abyss:1  | Noticed a starcursed mass
 12028 | Abyss:1  | Noticed a tentacled starspawn
 12029 | Abyss:1  | Noticed a large abomination
 12029 | Abyss:1  | Noticed a tentacled starspawn
 12029 | Abyss:1  | Noticed a thrashing horror
 12030 | Abyss:1  | Found a transporter.
 12030 | Abyss:1  | Found a transporter.
 12033 | Abyss:1  | Noticed a starcursed mass
 12034 | Abyss:1  | Mangled by a tentacled starspawn

Skill      XL: |  1  2  3  4  5  6  7  8  9 |
---------------+----------------------------+-----
Conjurations   | 1 2 4 5 |  5.5
Spellcasting   | 3 4 5 6 7 |  7.7
Stealth        | 2 3 4 5 6 |  6.7
Translocations | 1 |  1.5
Dodging        | 2 3 |  3.0
Slings         | 1 2 |  2.7
Fire Magic     | 1 2 |  2.1
Axes           | 1 3 4 |  4.4
Armour         | 2 3 |  3.6
Summonings     | 1 |  1.0
Shields        | 1 |  1.9
Air Magic      | |  0.3
Poison Magic   | |  0.5

Action                   |  1- 3 |  4- 6 |  7- 9 | 10-12 || total
-------------------------+-------+-------+-------+-------++-------
Melee: Dagger            |    40 |       |       |       ||    40
       Spear             |    17 |    28 |   312 |    22 ||   379
       Hand axe          |       |       |   145 |     1 ||   146
 Fire: Hunting sling     |       |   134 |   112 |       ||   246
 Cast: Magic Dart        |    77 |     6 |    93 |       ||   176
       Blink             |     1 |     1 |    16 |     6 ||    24
       Conjure Flame     |       |     4 |    37 |     2 ||    43
       Mephitic Cloud    |       |       |    13 |       ||    13
       Call Imp          |       |       |     5 |       ||     5
  Use: Scroll            |       |       |     8 |     1 ||     9
 Stab: Sleeping          |     4 |     4 |    12 |       ||    20
       Confused          |       |       |     5 |       ||     5
  Eat: Chunk             |     4 |     7 |    20 |       ||    31
       Ration            |       |     1 |       |       ||     1
Armor: Robe              |     9 |    10 |    20 |       ||    39
       Ring mail         |       |       |    16 |     2 ||    18
Dodge: Dodged            |    41 |    28 |   160 |    18 ||   247
